 Dungeon Crawl Stone Soup version 0.20.1-1-g8b1a95d (webtiles) character file.

1297 KleinerIrrer the Grappler (level 8, -2/74 HPs)
             Began as a Troll Monk on July 3, 2017.
             Slain by an orc warrior
             ... wielding a +0 mace
              (19 damage)
             ... on level 4 of the Dungeon.
             The game lasted 00:08:24 (4065 turns).

KleinerIrrer the Grappler (Troll Monk)              Turns: 4065, Time: 00:08:25

Health: -2/74      AC:  6    Str: 20    XL:     8   Next: 31%
Magic:  7/7        EV: 10    Int:  6    God:
Gold:   204        SH:  0    Dex: 12    Spells: 7/7 levels left

rFire    . . .     SeeInvis .     - Unarmed
rCold    . . .     Gourm    +   (no shield)
rNeg     . . .     Faith    .   p - +0 animal skin
rPois    .         Spirit   .   (helmet restricted)
rElec    .         Reflect  .   (no cloak)
rCorr    .         Harm     .   (gloves unavailable)
MR       .....                  (boots unavailable)
Stlth    ++........             (no amulet)
Regen    0.7/turn               (no ring)
MPRegen  0.1/turn               (no ring)

@: no status effects
A: unfitting armour, claws 3, clumsy 1, fast metabolism 3, gourmand,
regeneration 1, shaggy fur 2, tough skin 2
a: no special abilities


You were on level 4 of the Dungeon.
You were very full.

You visited 1 branch of the dungeon, and saw 5 of its levels.

You collected 204 gold pieces.

Inventory:

Hand Weapons
 o - a +1 whip of electrocution
Armour
 p - a +0 animal skin (worn)
Jewellery
 v - an uncursed ring of positive energy {unknown}
 w - a +4 ring of dexterity {unknown}
Wands
 t - a wand of confusion (31/48)
Scrolls
 d - 2 scrolls of remove curse
 f - a scroll of magic mapping {unknown}
 i - 2 scrolls of teleportation {unknown}
 j - a scroll of enchant weapon {unknown}
 l - 2 scrolls of identify
 n - 2 scrolls of recharging {unknown}
 s - 3 scrolls of immolation {unknown}
Potions
 c - a potion of ambrosia
 e - a potion of cancellation {unknown}
 h - 2 potions of resistance {unknown}
 k - 4 potions of curing
 m - a potion of might {unknown}
 q - 3 potions of berserk rage {unknown}
Comestibles
 a - a royal jelly
 b - 4 bread rations
 g - 6 fruits
 r - 2 chunks of flesh
 u - 2 meat rations


   Skills:
 - Level 2.4 Fighting
 * Level 2.7 Dodging
 - Level 1.0 Stealth
 * Level 10.4 Unarmed Combat


You had 7 spell levels left.
You didn't know any spells.

Dungeon Overview and Level Annotations

Branches:
Dungeon (5/15)
 Temple: D:4-7

Altars:
Okawaru
Qazlal
Ru
Yredelemnul


Innate Abilities, Weirdness & Mutations

You are too large for most types of armour.
You have claws for hands.
Your metabolism is lightning-fast.
You like to eat raw meat.
Your natural rate of healing is unusually fast.
You are covered in thick fur. (AC +2)
You have very tough skin. (AC +2)
You are clumsy. (Dex -2)


Message History

You climb upwards.
There is a stone staircase leading down here.
You are confused.
You feel invigorated.
You scratch the orc warrior. You claw the orc warrior.
The orc warrior is heavily wounded.
The orc warrior hits you with a mace!!
* * * LOW HITPOINT WARNING * * *
You bump into the rock wall.
The orc warrior hits you with a mace. The orc warrior hits you with a mace!!
* * * LOW HITPOINT WARNING * * *
You're too confused to move!
The orc warrior closely misses you.
You scratch the orc warrior but do no damage.
The orc warrior is heavily wounded.
You feel less invigorated.
You feel less confused.
You barely miss the orc warrior.
The orc warrior is heavily wounded.
The orc warrior hits you with a mace!!
You die...

# # ##############################
# ......#........o>............# #
#####.#.########@###########.## #
#.#.^.................##..# #
#.#...................###.###
#####)#...................# #..##
.#....#...................####.##
.#.####.....................รท...+
.#.####...........#############.#
<#....#...........# #..
##....#.########### ##.


You could see an orc warrior.

Vanquished Creatures
  Pikel (D:4)
  An ice beast (D:5)
  2 ogres
  A bullfrog (D:5)
  A scorpion (D:4)
  A crimson imp (D:5)
  2 hounds
  An orc priest (D:4)
  Jessica (D:2)
  Natasha (thrice) (D:4)
  An orc wizard (D:4)
  A worker ant (D:4)
  Robin (D:2)
  5 adders
  A howler monkey skeleton (D:4)
  A shadow imp (D:5)
  An ooze (D:3)
  An adder skeleton (D:5)
  3 worms
  4 dart slugs
  3 leopard geckos
  7 orcs
  8 bats
  7 giant cockroaches
  14 goblins
  12 hobgoblins
  7 jackals
  8 kobolds
  A quokka (D:3)
  3 ball pythons
  5 frilled lizards
  A quokka skeleton (D:4)
  4 rats (D:3)
113 creatures vanquished.

Notes
Turn   | Place    | Note
-------+----------+-------------------------------------------
     0 | D:1      | KleinerIrrer the Troll Monk began the quest for the Orb.
     0 | D:1      | Reached XP level 1. HP: 22/22 MP: 0/0
   110 | D:1      | Reached XP level 2. HP: 29/29 MP: 1/1
   543 | D:1      | Reached skill level 4 in Unarmed Combat
   866 | D:2      | Noticed Robin
   881 | D:1      | Reached XP level 3. HP: 25/36 MP: 2/2
   961 | D:2      | Killed Robin
  1143 | D:2      | Reached XP level 4. HP: 44/44 MP: 3/3
  1158 | D:2      | Found an iron altar of Okawaru.
  1167 | D:2      | Reached skill level 5 in Unarmed Combat
  1608 | D:2      | Found a sacrificial altar of Ru.
  1706 | D:2      | Noticed Jessica
  1707 | D:2      | Killed Jessica
  1760 | D:2      | Gained mutation: You are dopey. (Int -2) [potion of mutation]
  1760 | D:2      | Gained mutation: You are agile. (Dex +2) [potion of mutation]
  1761 | D:2      | Lost mutation: You are dopey. (Int -2) [potion of mutation]
  1761 | D:2      | Lost mutation: You are agile. (Dex +2) [potion of mutation]
  1761 | D:2      | Gained mutation: You are clumsy. (Dex -2) [potion of mutation]
  1761 | D:2      | Gained mutation: You are covered in thick fur. (AC +2) [potion of mutation]
  1973 | D:3      | Found a stormy altar of Qazlal.
  2081 | D:3      | Reached XP level 5. HP: 48/50 MP: 4/4
  2624 | D:3      | Reached skill level 6 in Unarmed Combat
  2893 | D:4      | Noticed Pikel
  2893 | D:4      | Noticed a slave
  2893 | D:4      | Noticed a slave
  2893 | D:4      | Noticed a slave
  2894 | D:4      | Noticed a slave
  2929 | D:4      | Killed Pikel
  2929 | D:4      | Reached skill level 8 in Unarmed Combat
  2929 | D:4      | Reached XP level 6. HP: 23/59 MP: 5/5
  2929 | D:4      | Reached XP level 7. HP: 26/66 MP: 6/6
  2981 | D:4      | Found a basalt altar of Yredelemnul.
  3031 | D:4      | Noticed Natasha
  3039 | D:4      | Killed Natasha
  3113 | D:4      | Reached skill level 9 in Unarmed Combat
  3177 | D:4      | Noticed Natasha
  3181 | D:4      | Killed Natasha
  3216 | D:4      | Noticed Natasha
  3219 | D:4      | Killed Natasha
  3396 | D:5      | Entered Level 5 of the Dungeon
  3530 | D:5      | Reached XP level 8. HP: 74/74 MP: 7/7
  3536 | D:5      | Reached skill level 10 in Unarmed Combat
  4006 | D:5      | Found a runed door.
  4065 | D:4      | Slain by an orc warrior

Skill      XL: |  1  2  3  4  5  6  7  8 |
---------------+-------------------------+-----
Unarmed Combat | 4 5 8 9 10 | 10.4
Fighting       | |  2.4
Dodging        | |  2.7
Stealth        | |  1.0

Action                   |  1- 3 |  4- 6 |  7- 9 || total
-------------------------+-------+-------+-------++-------
Melee: Unarmed           |    89 |   114 |    88 ||   291
       Punch             |       |     2 |     3 ||     5
  Use: Scroll            |       |     4 |       ||     4
       Potion            |       |     4 |     1 ||     5
 Stab: Sleeping          |     1 |     2 |     2 ||     5
  Eat: Chunk             |    16 |    16 |    10 ||    42
Armor: Robe              |    35 |       |       ||    35
       Animal skin       |     2 |    29 |    21 ||    52
Dodge: Dodged            |    49 |    50 |    35 ||   134
